 Dungeon Crawl Stone Soup version 0.26.1-11-gd32895ea62 (webtiles) character file.

Game seed: 15180407681263125536

898 bpung the Sneak (level 8, -3/57 HPs)
             Began as a Gnoll Wanderer on June 2, 2021.
             Was an Initiate of Vehumet.
             Killed by nerve-wracking pain
             ... invoked by Grinder
              (6 damage)
             ... while paralysed by Grinder
             ... on level 6 of the Dungeon.
             The game lasted 00:15:54 (6832 turns).

bpung the Sneak (Gnoll Wanderer)                    Turns: 6832, Time: 00:15:55

Health: -3/57      AC:  3    Str: 13      XL:     8   Next: 7%
Magic:  4/16       EV:  2    Int: 15 (18) God:    Vehumet [......]
Gold:   267        SH:  0    Dex: 15      Spells: 1/18 levels left

rFire    . . .     SeeInvis .   a - +2 mace (protect)
rCold    . . .     Faith    .   (no shield)
rNeg     + . .     Spirit   .   k - +1 robe of Contentment {Regen+}
rPois    .         Reflect  .   (no helmet)
rElec    .         Harm     .   (no cloak)
rCorr    .         Rampage  .   (no gloves)
Will     .....                  (no boots)
Stlth    +++.......             (no amulet)
HPRegen  0.59/turn              m - ring of positive energy
MPRegen  0.15/turn              (no ring)

@: paralysed
A: distributed training, fangs 1, strong nose
a: Renounce Religion


You were on level 6 of the Dungeon.
You worshipped Vehumet.
Vehumet was noncommittal.
You visited 2 branches of the dungeon, and saw 7 of its levels.

You collected 267 gold pieces.

Inventory:

Hand Weapons
 a - a +2 mace of protection (weapon)
 l - a +0 dagger
Armour
 k - the +1 robe of Contentment (worn) {Regen+}
   (You found it on level 5 of the Dungeon)

   It increases your rate of regeneration.
Jewellery
 j - an uncursed ring of ice
 m - a ring of positive energy (left hand)
Scrolls
 b - 4 scrolls of remove curse
 d - a scroll of blinking
 e - 6 scrolls of teleportation
 f - a scroll of identify
 i - 2 scrolls of magic mapping
Potions
 c - 2 potions of curing
 h - a potion of heal wounds


   Skills:
 + Level 2.9 Fighting
 + Level 2.9 Short Blades
 + Level 2.9 Long Blades
 + Level 2.9 Axes
 + Level 2.9 Maces & Flails
 + Level 3.9 Polearms
 + Level 2.9 Staves
 + Level 2.9 Slings
 + Level 2.9 Bows
 + Level 2.9 Crossbows
 + Level 3.9 Throwing
 + Level 2.9 Armour
 + Level 2.9 Dodging
 + Level 6.7 Stealth
 + Level 2.9 Shields
 + Level 2.9 Unarmed Combat
 + Level 5.8 Spellcasting
 + Level 2.3 Conjurations
 + Level 2.3 Hexes
 + Level 2.3 Summonings
 + Level 2.3 Necromancy
 + Level 2.3 Translocations
 + Level 2.3 Transmutations
 + Level 6.0 Fire Magic
 + Level 2.3 Ice Magic
 + Level 2.3 Air Magic
 + Level 2.3 Earth Magic
 + Level 2.3 Poison Magic
 + Level 3.2 Invocations
 + Level 2.9 Evocations


You had one spell level left.
You knew the following spells:

 Your Spells              Type           Power        Failure   Level
a - Foxfire               Conj/Fire      64%          2%          1
b - Summon Small Mammal   Summ           44%          5%          1
c - Conjure Flame         Conj/Fire      16%          9%          3
d - Summon Guardian Gole  Hex/Summ       11%          17%         3
e - Sticky Flame          Conj/Fire      16%          26%         4
f - Fireball              Conj/Fire      8%           58%         5

Your spell library contained the following spells:

 Spells                   Type           Power        Failure   Level
 Inner Flame              Hex/Fire       16%          9%          3


Dungeon Overview and Level Annotations

Branches:
Dungeon (6/15)             Temple (1/1) D:4

Altars:
Dithmenos
Elyvilon
Fedhas
Gozag
Hepliaklqana
Kikubaaqudgha
Makhleb
Nemelex Xobeh
Qazlal
Ru
Sif Muna
Trog
Uskayaw
Vehumet
Xom
Yredelemnul
Zin
The Shining One

Annotations:
D:6 Grinder


Innate Abilities, Weirdness & Mutations

Your experience applies equally to all skills.
You have very sharp teeth.
Your uncanny sense of smell can sniff out nearby items.


Message History

Grinder is heavily wounded.
The foxfire hits Grinder but does no damage.
Grinder is heavily wounded.
Grinder gestures at you.
You suddenly lose the ability to move!
Grinder gestures at you.
You shrug off the repeated paralysis!
Grinder hits you!
* * * LOW HITPOINT WARNING * * *
You writhe in agony.
* * * LOW HITPOINT WARNING * * *
Grinder hits you.
* * * LOW HITPOINT WARNING * * *
Grinder hits you!
* * * LOW HITPOINT WARNING * * *
You writhe in agony.
* * * LOW HITPOINT WARNING * * *
Grinder gestures at you. Pain shoots through your body!
You die...

### # .. .#
##.#####.# ##
#........#
...##.8.8.8..#
#...........#
..#.....8@..#
.....#.!.5..#
.....#_)....#
.....#......#
............#####
................#
##.......8†8.8.....#
.........†........#
###.########..#....#


You could see Grinder (resistant) and a friendly guardian golem (summoned).

Vanquished Creatures
  An ice beast (D:5)
  A phantom (D:4)
  An ogre (D:6)
  A bullfrog (D:5)
  A scorpion (D:5)
  A howler monkey (D:4)
  4 bullfrog skeletons
  2 orc priests (D:3)
  2 orc wizards
  An iguana (D:4)
  A worker ant (D:4)
  8 adders
  A shadow imp (D:5)
  An ufetubus (D:5)
  An adder skeleton (D:5)
  2 worms (D:2)
  A dart slug (D:2)
  2 leopard geckos
  13 orcs
  6 bats
  3 bat skeletons (D:4)
  4 bat zombies (D:4)
  6 giant cockroaches
  6 goblins
  2 hobgoblins (D:1)
  9 jackals
  4 quokkas
  3 ball pythons
  4 frilled lizards
  3 kobolds (D:1)
  A quokka zombie (D:5)
  6 rats
102 creatures vanquished.

Vanquished Creatures (collateral kills)
  3 dart slugs (D:1)
  2 orcs (D:3)
  A goblin (D:1)
  A kobold (D:1)
  A bat (D:1)
8 creatures vanquished.

Vanquished Creatures (others)
  265 foxfires
265 creatures vanquished.

Grand Total: 375 creatures vanquished

Notes
Turn   | Place    | Note
-------+----------+-------------------------------------------
     0 | D:1      | bpung the Gnoll Wanderer began the quest for the Orb.
     0 | D:1      | bpung set off with the following items: a +0 dagger, a
                  | potion of curing, a +0 robe; and the following spells
                  | available to memorise: Foxfire, Summon Small Mammal,
                  | Conjure Flame, Inner Flame, Summon Guardian Golem, Sticky
                  | Flame, Fireball
     0 | D:1      | Reached XP level 1. HP: 13/13 MP: 6/6
     2 | D:1      | Learned a level 1 spell: Foxfire
     4 | D:1      | Learned a level 1 spell: Summon Small Mammal
    32 | D:1      | Found a sparkling altar of Nemelex Xobeh.
   129 | D:1      | Reached XP level 2. HP: 19/19 MP: 4/7
   957 | D:1      | Reached XP level 3. HP: 25/25 MP: 9/9
  1104 | D:1      | Reached skill level 5 in Spellcasting
  1681 | D:2      | Reached skill level 1 in Invocations
  1692 | D:2      | Learned a level 3 spell: Conjure Flame
  1696 | D:2      | Learned a level 3 spell: Summon Guardian Golem
  1762 | D:2      | Found a shimmering altar of Xom.
  1827 | D:2      | Found a sparkling altar of Nemelex Xobeh.
  1974 | D:2      | Reached skill level 1 in Fighting
  1974 | D:2      | Reached skill level 1 in Short Blades
  1974 | D:2      | Reached skill level 1 in Long Blades
  1974 | D:2      | Reached skill level 1 in Axes
  1974 | D:2      | Reached skill level 1 in Maces & Flails
  1974 | D:2      | Reached skill level 1 in Staves
  1974 | D:2      | Reached skill level 1 in Slings
  1974 | D:2      | Reached skill level 1 in Bows
  1974 | D:2      | Reached skill level 1 in Crossbows
  1974 | D:2      | Reached skill level 1 in Armour
  1974 | D:2      | Reached skill level 1 in Dodging
  1974 | D:2      | Reached skill level 1 in Shields
  1974 | D:2      | Reached skill level 1 in Unarmed Combat
  1974 | D:2      | Reached skill level 1 in Evocations
  1983 | D:2      | Reached XP level 4. HP: 29/32 MP: 7/11
  2520 | D:2      | Found a white marble altar of Elyvilon.
  2617 | D:3      | Reached skill level 1 in Conjurations
  2617 | D:3      | Reached skill level 1 in Hexes
  2617 | D:3      | Reached skill level 1 in Summonings
  2617 | D:3      | Reached skill level 1 in Necromancy
  2617 | D:3      | Reached skill level 1 in Translocations
  2617 | D:3      | Reached skill level 1 in Transmutations
  2617 | D:3      | Reached skill level 1 in Ice Magic
  2617 | D:3      | Reached skill level 1 in Air Magic
  2617 | D:3      | Reached skill level 1 in Earth Magic
  2617 | D:3      | Reached skill level 1 in Poison Magic
  2622 | D:3      | Reached XP level 5. HP: 37/37 MP: 1/12
  3130 | D:3      | Found a faded altar of an unknown god.
  3731 | D:3      | Reached XP level 6. HP: 26/44 MP: 3/13
  3964 | D:4      | Found a blossoming altar of Fedhas.
  4184 | D:4      | Found a staircase to the Ecumenical Temple.
  4190 | Temple   | Entered the Ecumenical Temple
  4267 | Temple   | Became a worshipper of Vehumet
  4612 | D:4      | Noticed a phantom
  4703 | D:4      | Killed a phantom
  5210 | D:4      | Reached XP level 7. HP: 40/50 MP: 15/15
  5589 | D:4      | Found an ancient bone altar of Kikubaaqudgha.
  5623 | D:4      | Learned a level 4 spell: Sticky Flame
  5629 | D:4      | Learned a level 5 spell: Fireball
  5673 | D:5      | Entered Level 5 of the Dungeon
  5750 | D:5      | Found a bloodstained altar of Trog.
  5816 | D:5      | Found a burning altar of Makhleb.
  5883 | D:5      | Found a glowing golden altar of the Shining One.
  6256 | D:5      | Got a tattered robe
  6257 | D:5      | Identified the +1 robe of Contentment {Regen+} (You found
                  | it on level 5 of the Dungeon)
  6764 | D:6      | Reached XP level 8. HP: 44/57 MP: 11/16
  6794 | D:6      | Found a hide-covered altar of Uskayaw.
  6807 | D:6      | Noticed Grinder
  6827 | D:6      | Paralysed by Grinder for 6 turns
  6832 | D:6      | Killed from afar by Grinder

Illustrated notes

Levels and vault maps discovered:
D:1:      dpeg_arrival_castle, layout_loops_ring,
          nemelex_xobeh_ov_fountains_minmay
D:2:      layout_rooms, lemuel_doored_altar, general_overflow_altar,
          elyvilon_altar_5
D:3:      layout_loops_ring, chequers_ecumenical_altar_simple_redux
D:4:      layout_basic, kennysheep_vampire_church,
          nicolae_overflow_crystal_walls, minmay_temple_entry_hall
D:5:      layout_loops_ring, kennysheep_little_box, overflow_temple_1_default,
          tso_oasis_becter
D:6:      layout_rooms, eat_drink_and_be_merry_uskayaw,
          gammafunk_temple_overflow_statue, chequers_serial_rivers_small_3,
          fedhas_altar_decomposition, uniq_grinder
Temple:   compressed_dpeg_triangle_lava_temple

Skill      XL: |  1  2  3  4  5  6  7 |
---------------+----------------------+-----
Spellcasting   | 5 |  5.8
Stealth        | 6 |  6.7
Invocations    | 1 2 3 |  3.2
Fighting       | 1 2 |  2.9
Short Blades   | 1 2 |  2.9
Long Blades    | 1 2 |  2.9
Axes           | 1 2 |  2.9
Maces & Flails | 1 2 |  2.9
Staves         | 1 2 |  2.9
Slings         | 1 2 |  2.9
Bows           | 1 2 |  2.9
Crossbows      | 1 2 |  2.9
Armour         | 1 2 |  2.9
Dodging        | 1 2 |  2.9
Shields        | 1 2 |  2.9
Unarmed Combat | 1 2 |  2.9
Evocations     | 1 2 |  2.9
Conjurations   | 1 2 |  2.3
Hexes          | 1 2 |  2.3
Summonings     | 1 2 |  2.3
Necromancy     | 1 2 |  2.3
Translocations | 1 2 |  2.3
Transmutations | 1 2 |  2.3
Ice Magic      | 1 2 |  2.3
Air Magic      | 1 2 |  2.3
Earth Magic    | 1 2 |  2.3
Poison Magic   | 1 2 |  2.3
Polearms       | 3 |  3.9
Throwing       | 3 |  3.9
Fire Magic     | 6 |  6.0

Action                   |  1- 3 |  4- 6 |  7- 9 || total
-------------------------+-------+-------+-------++-------
Melee: Dagger            |    57 |    96 |       ||   153
       Bite              |     6 |    20 |    10 ||    36
       Mace              |       |    43 |    99 ||   142
       Punch             |       |     1 |       ||     1
 Cast: Foxfire           |    31 |    75 |    64 ||   170
       Summon Small Mamm |    15 |     8 |       ||    23
       Summon Guardian G |       |     1 |     1 ||     2
       Conjure Flame     |       |       |     1 ||     1
  Use: Scroll            |     4 |     3 |     6 ||    13
       Potion            |     1 |     2 |     1 ||     4
 Stab: Sleeping          |     4 |     8 |     7 ||    19
       Distracted        |     1 |     1 |       ||     2
Armor: Robe              |    20 |    37 |    61 ||   118
Dodge: Dodged            |    46 |   101 |   106 ||   253
